Get step-by-step instructions on how to execute this build order below. Start the game timer, and the build order will tick by so you can play in parallel with StarCraft on a second screen or mobile device.

Game Time

  0:00

Last Step

  N/A

Next Step

  12  0:01  Drone  

Upcoming Step

  13  0:08  Drone  

Don't want to look back and forth between 2 screens? Try out our Overwolf App, the Spawning Tool Build Advisor to get an in-game overlay with this build!

Complete Build Order

  12  0:01  Drone  
  13  0:08  Drone  
  14  0:23  Extractor, Drone  
  14  0:41  Overlord  
  14  0:44  Spawning Pool  
  14  0:45  Drone  
  15  1:04  Drone x2  
  16  1:19  Drone x2  
  18  1:33  Queen  
  18  1:34  Metabolic Boost  
  18  1:39  Drone  
  21  1:40  Overlord  
  21  1:48  Drone  
  22  1:59  Zergling x2  
  23  2:17  Hatchery  
  22  2:23  Zergling x4  
  24  3:10  Zergling x2  
  24  3:11  Zergling x8  
  29  3:19  Lair, Baneling Nest  
  25  3:35  Queen  
  25  3:37  Drone  
  28  3:51  Drone  
  28  3:52  Drone  
  30  4:08  Baneling x2  
  30  4:13  Overlord x2  
  30  4:15  Centrifical Hooks  
  25  4:41  Zergling x6  
  28  4:46  Zergling x20  
  38  4:59  Drone  
  39  5:03  Drone  
  40  5:08  Baneling x2  
  40  5:16  Baneling x4  
  29  5:54  Spire